 Dungeon Crawl Stone Soup version 0.24.0-13-gcf9b319 (webtiles) character file.

Game seed: 11784475807855913291, levelgen mode: deterministic

1451 Fang the Shield-Bearer (level 8, -6/52 HPs)
             Began as a Gargoyle Fighter on Dec 20, 2019.
             Was a Follower of Trog.
             Mangled by Prince Ribbit (8 damage)
             ... on level 6 of the Dungeon.
             The game lasted 00:05:45 (5031 turns).

Fang the Shield-Bearer (Gargoyle Fighter)           Turns: 5031, Time: 00:05:45

Health: -6/52      AC: 16    Str: 23    XL:     8   Next: 75%
Magic:  8/8        EV:  6    Int:  8    God:    Trog [*.....]
Gold:   321        SH: 10    Dex:  9    Spells: 7/7 levels left

rFire    . . .     SeeInvis .   a - +0 war axe
rCold    . . .     Gourm    .   B - +0 shield
rNeg     + . .     Faith    .   b - +0 chain mail
rPois    ∞         Spirit   .   (no helmet)
rElec    +         Reflect  .   (no cloak)
rCorr    .         Harm     .   (no gloves)
MR       .....                  (no boots)
Stlth    ..........             (no amulet)
HPRegen  0.17/turn              (no ring)
MPRegen  0.11/turn              (no ring)

@: berserk cooldown, slowed, very slow
A: negative energy resistance 1, electricity resistance, unbreathing,
petrification resistance, rot immunity, AC +5
a: Berserk, Renounce Religion


You were on level 6 of the Dungeon.
You worshipped Trog.
Trog was aware of your devotion.
You were not hungry.

You visited 2 branches of the dungeon, and saw 7 of its levels.

You collected 321 gold pieces.

Inventory:

Hand Weapons
 a - a +0 war axe (weapon)
Armour
 b - a +0 chain mail (worn)
 B - a +0 shield (worn)
Wands
 t - a wand of iceblast (7)
 w - a wand of polymorph (7)
Scrolls
 e - 3 scrolls of identify
 l - 2 scrolls of fear
 n - a scroll of remove curse
 p - 2 scrolls of magic mapping
 q - a scroll of teleportation
Potions
 f - a potion of resistance
 g - a potion of ambrosia
 h - a potion of mutation
 i - a potion of berserk rage {unknown}
 j - 3 potions of invisibility {unknown}
 k - a potion of haste {unknown}
 m - a potion of degeneration {unknown}
 r - a potion of experience {unknown}
 s - 3 potions of curing {unknown}
 u - 3 potions of heal wounds {unknown}
Comestibles
 c - 11 rations


   Skills:
 + Level 6.6 Fighting
 + Level 5.1 Axes
 + Level 6.6 Armour
 + Level 6.6 Shields


You had 7 spell levels left.
You didn't know any spells.
Your spell library was empty.

Dungeon Overview and Level Annotations

Branches:
Dungeon (6/15)             Temple (1/1) D:5

Altars:
Hepliaklqana
Makhleb
Ru
Sif Muna
Trog
Wu Jian
Xom
The Shining One

Annotations:
D:6 Prince Ribbit


Innate Abilities, Weirdness & Mutations

You are resistant to torment.
Your stone body is resilient. (AC +5)
You are immune to poison.
You resist negative energy. (rN+)
You are resistant to electric shocks. (rElec)
You can survive without breathing.
You are immune to petrification.
You are immune to rotting.


Message History

Things that are here:
4 chunks of flesh; a human skeleton You block Prince Ribbit's attack. x2
You block Prince Ribbit's attack.
You see here a human skeleton.
Okay, then.
You block Prince Ribbit's attack. Prince Ribbit barely misses you.
You see here a human corpse.
You butcher the human corpse.
Prince Ribbit hits you.
* * * LOW HITPOINT WARNING * * *
You block Prince Ribbit's attack.
Things that are here:
a chunk of flesh; a human skeleton Eat a chunk of flesh? (ye/n/q)
You eat the chunk of flesh.
This raw flesh tastes terrible.
Prince Ribbit hits you.
* * * LOW HITPOINT WARNING * * *
Prince Ribbit hits you but does no damage.
Prince Ribbit hits you!
You die...

###P♣..♣PPP♣ .PP##
#P.P♣.♣♣.♣P♣♣.PPPP
#.P.....♣(..♣.♣..♣P
♣(♣P..............♣
♣♣PP...............
♣.♣.......%§§......
♣.♣......%..§§......
#PP.P......÷........
###♣.P.....F@.†.....
#####
#♣♣......!......P
#...#
#.P♣♣P.....PP♣P♣.
###....
####.♣.......P..
#....[.
###)().#♣PP##
##...... ##♣♣).P#
P♣# ##.).....
#.♣)♣♣##
.####..#.....
#♣P((.#
##....###...# #
##P(♣P## ♣♣♣#..####
#####


You could see Prince Ribbit.

Vanquished Creatures
  Menkaure (D:5)
  Duvessa (D:6)
  2 sky beasts
  An ogre (D:6)
  A centaur (D:5)
  A big kobold (D:6)
  Dowan (D:6)
  2 crimson imps (D:6)
  4 hounds
  3 orc priests
  An orc wizard (D:4)
  Ijyb (D:3)
  5 iguanas
  2 worker ants (D:4)
  A hound skeleton (D:4)
  A howler monkey skeleton (D:6)
  4 gnolls (D:4)
  5 adders
  4 worms
  2 dart slugs (D:1)
  5 leopard geckos
  15 orcs
  A ball python (D:3)
  7 bats
  6 giant cockroaches
  11 goblins
  6 hobgoblins
  14 jackals
  2 quokkas (D:3)
  4 frilled lizards
  28 kobolds
  7 rats
  2 plants (D:6)
151 creatures vanquished.

Vanquished Creatures (others)
  3 plants (D:6)
3 creatures vanquished.

Grand Total: 154 creatures vanquished

Notes
Turn   | Place    | Note
-------+----------+-------------------------------------------
     0 | D:1      | Fang the Gargoyle Fighter began the quest for the Orb.
     0 | D:1      | Reached XP level 1. HP: 14/14 MP: 1/1
   284 | D:1      | Reached XP level 2. HP: 18/19 MP: 2/2
   728 | D:2      | Reached XP level 3. HP: 22/23 MP: 3/3
  1174 | D:2      | Found a hazy altar of Hepliaklqana.
  1429 | D:3      | Reached XP level 4. HP: 27/29 MP: 4/4
  1454 | D:3      | Found a burning altar of Makhleb.
  1758 | D:3      | Reached XP level 5. HP: 20/33 MP: 5/5
  2128 | D:3      | Noticed Ijyb
  2160 | D:3      | Killed Ijyb
  2486 | D:3      | Found a burning altar of Makhleb.
  2514 | D:4      | Reached XP level 6. HP: 39/39 MP: 6/6
  2802 | D:4      | HP: 2/40 [gnoll/+0 spear (1)]
  3142 | D:4      | You fall into a shaft and drop 1 floor!
  3142 | D:5      | Entered Level 5 of the Dungeon
  3142 | D:5      | Found a staircase to the Ecumenical Temple.
  3143 | D:5      | Noticed a sky beast
  3149 | Temple   | Entered the Ecumenical Temple
  3158 | Temple   | Killed a sky beast
  3158 | Temple   | Reached skill level 5 in Fighting
  3158 | Temple   | Reached skill level 5 in Armour
  3158 | Temple   | Reached skill level 5 in Shields
  3158 | Temple   | Reached XP level 7. HP: 23/44 MP: 7/7
  3179 | Temple   | Became a worshipper of Trog the Wrathful
  3432 | D:5      | Noticed Menkaure
  3440 | D:5      | Killed Menkaure
  3789 | D:5      | Reached XP level 8. HP: 50/51 MP: 8/8
  4078 | D:6      | Reached * piety under Trog
  4107 | D:6      | Found a sacrificial altar of Ru.
  4577 | D:6      | Noticed Dowan
  4578 | D:6      | Noticed Duvessa
  4593 | D:6      | Killed Dowan
  4606 | D:6      | Killed Duvessa
  4837 | D:6      | Reached skill level 5 in Axes
  4898 | D:6      | Noticed Prince Ribbit
  5030 | D:6      | HP: 2/52 [Prince Ribbit (2)]
  5031 | D:6      | Mangled by Prince Ribbit

Levels and vault maps discovered:
D:1:      saegor_arrival_simple_c, layout_basic, kennysheep_pointless_box,
          minmay_splitting_lines, minmay_misc_feat_rows
D:2:      layout_loops_ring, nicolae_overflow_crystal_walls, serial_bayou_pond_d
D:3:      kennysheep_goblin_castle, layout_loops_ring, old_standard_altar,
          first_ration, makhleb_heckhound_becter
D:4:      layout_cave_pools, grunt_temple_overflow_gold_and_silver,
          gammafunk_ghost_cemetery, dk_xom_monty_hall
D:5:      layout_basic, minmay_temple_entry_junction, uniq_menkaure
D:6:      kennysheep_kobold_camp, layout_rooms,
          nicolae_ru_great_annihilating_truth, marbit_many_paths, uniq_duvessa,
          uniq_prince_ribbit1
Temple:   hc_temple_tempest_star

Skill      XL: |  1  2  3  4  5  6  7  8 |
---------------+-------------------------+-----
Axes           | 2 3 4 5 |  5.1
Fighting       | 4 5 6 |  6.6
Armour         | 4 5 6 |  6.6
Shields        | 4 5 6 |  6.6

Action                   |  1- 3 |  4- 6 |  7- 9 || total
-------------------------+-------+-------+-------++-------
Melee: War axe           |   149 |   256 |   284 ||   689
Invok: Berserk           |       |       |     3 ||     3
  Use: Scroll            |       |       |    11 ||    11
       Potion            |       |       |     1 ||     1
 Stab: Paralysed         |       |       |     1 ||     1
  Eat: Chunk             |     2 |     6 |    10 ||    18
Armor: Scale mail        |    74 |     5 |       ||    79
       Chain mail        |       |   201 |   168 ||   369
Dodge: Dodged            |    51 |    80 |    86 ||   217
Block: Shield            |    81 |   178 |   183 ||   442
